AoeStats
← RedFangs

Lombardia

508600926Analyzed
4v4 RM · 9d ago on Sep 23, 2026· 26m 49s· 8 players
Game mode
Random Map
Map size
Large (8 player)
Population
200
Speed
Normal
Resources
Standard
Victory
Conquest
Starting age
Dark Age
Ending age
Imperial Age
RankedLock teamsTeams togetherTeam positionsShared explorationLock speedFull tech treeHidden civsTurbo modeCheats
Victory
Defeat
🇦🇷 Franks · Argentina
1267
+15
🇦🇷 Britons · Argentina
1220
+17
🇦🇷 Burgundians · Argentina
1185
+19
🇦🇷 Chinese · Argentina
1148
+21
🇯🇵 Saxons · Japan
1279
-19
🇨🇳 Bohemians · China
1242
-18
🇨🇳 Magyars · China
1238
-18
🇹🇼 Danes · Taiwan
1228
-17
Malvavisco
10:43 Feudal Age
14:03 Double-Bit Axe
14:02 Horse Collar
17:49 Castle Age
16:38 Stone Mining
18:08 Loom
19:19 Bow Saw
19:37 Heavy Plow
21:58 Wheelbarrow
24:35 Gold Mining
26:24 Scale Mail Armor
26:34 Forging
26:16 Fletching
26:27 Padded Archer Armor
Maya
0:30 Loom
10:49 Feudal Age
11:53 Double-Bit Axe
17:27 Castle Age
20:26 Squires
21:18 Pikeman
22:38 Scale Mail Armor
23:28 Bow Saw
23:00 Horse Collar
25:48 Wheelbarrow
25:02 Town Watch
金樽
10:24 Feudal Age
8:43 Loom
11:09 Double-Bit Axe
11:31 Horse Collar
14:27 Wheelbarrow
19:45 Castle Age
21:46 Bow Saw
22:02 Bow Saw
23:44 Fletching
RedFangs
5:44 Loom
13:26 Feudal Age
17:35 Castle Age
16:34 Horse Collar
16:40 Double-Bit Axe
Zy.Esplendido
5:20 Loom
9:37 Feudal Age
10:54 Double-Bit Axe
22:20 Castle Age
20:56 Gold Mining
21:10 Fletching
21:36 Padded Archer Armor
22:05 Stone Mining
22:56 Bodkin Arrow
23:20 Bow Saw
24:27 Husbandry
25:31 Wheelbarrow
26:00 Leather Archer Armor
zY.Thorfinn
7:10 Loom
9:33 Feudal Age
10:17 Double-Bit Axe
10:37 Horse Collar
11:21 Bow Saw
13:42 Heavy Plow
15:49 Forging
17:50 Wheelbarrow
21:57 Castle Age
20:55 Scale Barding Armor
22:01 Cavalier
22:44 Husbandry
23:54 Gold Mining
25:24 Gold Shaft Mining
26:15 Chain Barding Armor
27:31 Iron Casting
ZY_Heizerd
5:50 Loom
10:07 Feudal Age
15:30 Double-Bit Axe
17:48 Horse Collar
22:51 Castle Age
21:30 Fletching
21:40 Padded Archer Armor
23:11 Gold Mining
24:41 Gold Shaft Mining
23:59 Crossbowman
25:13 Bodkin Arrow
The Sar AOE
0:32 Loom
9:18 Feudal Age
10:16 Double-Bit Axe
13:39 Gold Mining
13:34 Horse Collar
15:23 Fletching
15:34 Padded Archer Armor
21:28 Castle Age
21:53 Crossbowman
22:39 Thumb Ring
27:13 Bodkin Arrow
Connection lost

Rejoining the realm…

Still unreachable

The connection could not be restored.

Session expired

The server has moved on; the page needs a fresh start.